 Dungeon Crawl Stone Soup version 0.28.0 (webtiles) character file.

Game seed: 13676969455607929623

191 crazypyro the Skirmisher (level 5, -2/57 HPs)
             Began as an Ogre Monk on Feb 14, 2022.
             Slain by an iguana (6 damage)
             ... on level 3 of the Dungeon.
             The game lasted 00:04:40 (3563 turns).

crazypyro the Skirmisher (Ogre Monk)                Turns: 3563, Time: 00:04:40

Health: -2/57      AC:  3    Str: 17    XL:     5   Next: 70%
Magic:  5/5        EV: 10    Int: 11    God:
Gold:   169        SH:  0    Dex: 11    Spells: 4/4 levels left

rFire   . . .      SeeInvis .   m - +0 flail
rCold   . . .      Faith    .   (no shield)
rNeg    . . .      Spirit   .   b - +0 robe
rPois   .          Reflect  .   (helmet restricted)
rElec   .          Harm     .   (no cloak)
rCorr   .          Rampage  .   (gloves unavailable)
Will    .....                   (boots unavailable)
Stlth   ++........              (no amulet)
HPRegen 0.19/turn               (no ring)
MPRegen 0.09/turn               (no ring)

@: no status effects
A: large, unfitting armour, tough skin 1
a: no special abilities


You were on level 3 of the Dungeon.
You visited 1 branch of the dungeon, and saw 4 of its levels.

You collected 169 gold pieces.

Inventory:

Hand Weapons
 a - a +0 mace
 m - a +0 flail (weapon)
Armour
 b - a +0 robe (worn)
Jewellery
 h - an amulet of reflection
Wands
 k - a wand of flame (16)
 l - a wand of mindburst (21)
Scrolls
 d - a scroll of identify {unknown}
 f - a scroll of summoning {unknown}
 i - a scroll of enchant armour {unknown}
 j - 2 scrolls of enchant weapon {unknown}
 n - a scroll of amnesia {unknown}
 o - 2 scrolls of teleportation {unknown}
Potions
 c - 5 potions of curing {unknown}
 e - 2 potions of flight {unknown}
 g - 2 potions of mutation {unknown}


   Skills:
 + Level 5.4 Fighting
 * Level 4.6 Maces & Flails
 + Level 3.2 Dodging
 - Level 1.4 Stealth


You had 4 spell levels left.
You didn't know any spells.
Your spell library contained the following spells:

 Spells                   Type           Power      Damage    Failure   Level
 Shock                    Conj/Air       0%         1d3       34%         1
 Blink                    Tloc           0%         N/A       47%         2
 Lesser Beckoning         Tloc           0%         N/A       71%         3
 Swiftness                Air            0%         N/A       71%         3
 Airstrike                Air            0%         N/A       98%         4
 Manifold Assault         Tloc           0%         N/A       100%        5
 Borgnjor's Revivificati  Necr           0%         N/A       100%        8
 Necromutation            Tmut/Necr      0%         N/A       100%        8
 Death's Door             Necr           0%         N/A       100%        9


Dungeon Overview and Level Annotations

Branches:
Dungeon (4/15)
 Temple: D:4-7

Altars:
Fedhas
Vehumet

Shops:
D:3 (


Innate Abilities, Weirdness & Mutations

You are too large for most types of armour.
You have tough skin. (AC +1)


Message History

There is a stone staircase leading up here.
The iguana bites you! The howler monkey hits you.
You climb upwards.
There is a stone staircase leading down here.
You closely miss the howler monkey.
The howler monkey is severely wounded.
The howler monkey misses you. The iguana bites you.
The howler monkey barely misses you.
The iguana hisses menacingly.
The iguana barely misses you.
You are too injured to fight recklessly!
You are too injured to fight recklessly!
You barely miss the howler monkey.
The howler monkey is severely wounded.
The howler monkey hits you but does no damage.
The iguana bites you!
* * * LOW HITPOINT WARNING * * *
You thump the howler monkey!
You kill the howler monkey!
The iguana bites you!
* * * LOW HITPOINT WARNING * * *
The iguana bites you but does no damage.
You hit the iguana but do no damage. The iguana bites you.
* * * LOW HITPOINT WARNING * * *
You hit the iguana.
The iguana is moderately wounded.
The iguana barely misses you.
You closely miss the iguana.
The iguana is moderately wounded.
The iguana bites you but does no damage.
You completely miss the iguana.
The iguana is moderately wounded.
The iguana misses you. The iguana closely misses you.
You hit the iguana.
The iguana is moderately wounded.
The iguana closely misses you.
You hit the iguana.
The iguana is severely wounded.
The iguana bites you.
You die...

#............#.#.#
..#....#.##.##.#.#
###.#..........#.#
....#.###.#.####.# #####.#
#...##...# #.#
##..##.############# #####.#
#..##.............# ......#
##.##############.# #######
#>...l@..........# ####
##################
...###########################
.............................#
...#########################.#
...# #.# ...# #.# .<.# #.#
...# #.#


You could see an iguana.

Vanquished Creatures
  A howler monkey (D:3)
  Natasha (thrice) (D:3)
  3 adders
  A dart slug (D:2)
  An orc (D:3)
  3 ball pythons
  5 endoplasms
  2 giant cockroaches (D:1)
  4 goblins
  5 hobgoblins
  4 jackals (D:1)
  4 kobolds
  5 bats
  2 frilled lizards
  7 rats
50 creatures vanquished.

Notes
Turn   | Place    | Note
-------+----------+-------------------------------------------
     0 | D:1      | crazypyro the Ogre Monk began the quest for the Orb.
     0 | D:1      | Reached XP level 1. HP: 24/24 MP: 1/1
   365 | D:1      | Reached XP level 2. HP: 30/32 MP: 2/2
  1148 | D:2      | Reached XP level 3. HP: 39/40 MP: 3/3
  2284 | D:2      | Found a faded altar of an unknown god.
  2301 | D:2      | Reached XP level 4. HP: 32/49 MP: 4/4
  2605 | D:3      | Found a radiant altar of Vehumet.
  2802 | D:3      | Found Jyfumivu's Weapon Shop.
  2804 | D:3      | Noticed Natasha
  2830 | D:3      | Killed Natasha
  2831 | D:3      | Reached skill level 5 in Fighting
  3049 | D:3      | Noticed Natasha
  3057 | D:3      | Killed Natasha
  3058 | D:3      | Reached XP level 5. HP: 49/57 MP: 5/5
  3116 | D:3      | Noticed Natasha
  3125 | D:3      | Killed Natasha
  3384 | D:3      | Found a blossoming altar of Fedhas.
  3558 | D:3      | HP: 2/57 [iguana (3)]
  3563 | D:3      | Slain by an iguana

Illustrated notes

Levels and vault maps discovered:
D:1:      lightli_arrival_farm, layout_rooms, serial_glass, glass_columns_c,
          glass_columns_a
D:2:      minmay_recursive_quarters, layout_basic,
          hellmonk_ecumenical_altar_lost_god
D:3:      layout_basic, vehumet_altar_wand_db, marbit_many_paths, serial_shops,
          shop, uniq_natasha
D:4:      layout_basic, serial_shops, nicolae_shop_window_shopping,
          kennysheep_mini_moat, nicolae_take_the_stairs

Skill      XL: |  1  2  3  4 |
---------------+-------------+-----
Maces & Flails | 3 4 |  4.6
Fighting       | 5 |  5.4
Dodging        | 3 |  3.2
Stealth        | |  1.4

Action                   |  1- 3 |  4- 6 || total
-------------------------+-------+-------++-------
Melee: Mace              |   155 |    30 ||   185
       Flail             |       |    26 ||    26
       Punch             |       |     1 ||     1
 Stab: Sleeping          |     2 |       ||     2
Armor: Robe              |    75 |     9 ||    84
Dodge: Dodged            |   125 |    36 ||   161
